 Dungeon Crawl Stone Soup version 0.19-a0-1619-gaef71b8 (webtiles) character file.

550 TheGoonsmith the Cleaver (level 7, -1/64 HPs)
             Began as a Hill Orc Monk on Sept 17, 2016.
             Slain by an orc warrior
             ... wielding a +0 trident
              (12 damage)
             ... on level 6 of the Dungeon.
             The game lasted 00:06:50 (3262 turns).

TheGoonsmith the Cleaver (Hill Orc Monk)            Turns: 3262, Time: 00:06:51

Health: -1/64      AC:  7    Str: 16    XL:     7   Next: 29%
Magic:  0/7        EV: 15    Int: 10    God:
Gold:   189        SH:  0    Dex: 18    Spells: 0 memorised, 6 levels left

rFire  . . .     SeeInvis .     a - +0 hand axe
rCold  + . .     Gourm    .     y - +0 scale mail
rNeg   . . .     Faith    .     (no shield)
rPois  .         Spirit   +     p - +0 helmet
rElec  .         Dismiss  .     (no cloak)
rCorr  .         Reflect  .     (no gloves)
MR     .....     Harm     .     (no boots)
Stlth  +++.......               l - amulet of guardian spirit
                                t - ring of protection from cold
                                n - ring of stealth

@: agile, lethally poisoned (-1 -> -2), exhausted, slowed, very slow
A: no striking features
a: no special abilities


You were on level 6 of the Dungeon.
You were hungry.

You visited 1 branch of the dungeon, and saw 6 of its levels.

You collected 189 gold pieces.

Inventory:

Hand Weapons
 a - a +0 hand axe (weapon)
Missiles
 h - 3 tomahawks
 A - 3 tomahawks of returning (quivered)
Armour
 b - a +0 robe
 d - a +0 leather armour
 f - the cursed +1 ring mail "Feiboga" {-Tele rN+++ rCorr Stlth+, unknown}
   (You found it on level 6 of the Dungeon)

   It renders you almost immune to negative energy.
   It prevents most forms of teleportation.
   It protects you from acid and corrosion.
   It makes you more stealthy.
   It has a curse placed upon it.
 k - a +0 ring mail
 p - a +0 helmet (worn)
 y - a +0 scale mail (worn)
Jewellery
 l - an amulet of guardian spirit (around neck)
 n - a ring of stealth (left hand)
 o - an uncursed amulet of the gourmand
 t - a ring of protection from cold (right hand)
 w - an uncursed amulet of harm
Scrolls
 r - 2 scrolls of identify
 s - a scroll of remove curse
Potions
 i - a potion of curing
 j - 3 potions of brilliance
 m - a potion of ambrosia {unknown}
Comestibles
 c - 2 bread rations
 q - a meat ration
 u - 2 chunks of flesh
 x - a slice of pizza


   Skills:
 + Level 6.3 Fighting
 * Level 9.0 Axes
 - Level 2.4 Dodging
 - Level 1.5 Stealth


You had 6 spell levels left.
You didn't know any spells.

Dungeon Overview and Level Annotations

Branches:
Dungeon (7/15)
 Temple: D:4-7

Altars:
Fedhas
Qazlal


Message History

You hit the gnoll.
You kill the gnoll!
The orc warrior closely misses you.
Items here: )) †† a club; a spear; a gnoll corpse x2
You feel a strong urge to attack something.
You feel sick.
Things that are here:
a whip; a glowing wooden wand You closely miss the orc warrior.
The orc warrior barely misses you.
You hit the orc warrior.
The orc warrior is lightly wounded.
You slash the orc warrior!
The orc warrior is severely wounded.
You are no longer berserk.
You are exhausted.
You feel yourself slow down.
You are feeling hungry.
The orc warrior hits you with a trident!
You die...

#.....# .......
#.....# .......
#....g# ....g..
#.....# ...o...
#.....# .......
#....a# #.?....
#.....# .....
#####.#####...%..
#.o@)))......
#####)...###.
#....# #....#
######


You could see an orc warrior.

Vanquished Creatures
  An ogre (D:3)
  A killer bee (D:6)
  2 hounds
  A bullfrog skeleton (D:4)
  A jelly (D:6)
  An orc priest (D:2)
  A gnoll shaman (D:6)
  3 worker ants
  A worker ant zombie (D:1)
  5 gnolls (D:6)
  3 adders
  An ooze (D:3)
  3 worms
  2 dart slugs (D:1)
  A leopard gecko (D:3)
  10 orcs
  4 giant cockroaches
  5 goblins
  9 hobgoblins
  5 kobolds
  A quokka (D:3)
  9 bats
  6 frilled lizards
  7 rats
83 creatures vanquished.

Notes
Turn   | Place    | Note
-------+----------+-------------------------------------------
     0 | D:1      | TheGoonsmith the Hill Orc Monk began the quest for the Orb.
     0 | D:1      | Reached XP level 1. HP: 19/19 MP: 1/1
   182 | D:1      | Reached XP level 2. HP: 20/27 MP: 2/2
   892 | D:1      | Reached XP level 3. HP: 30/33 MP: 3/3
  1033 | D:1      | Reached skill level 5 in Axes
  1404 | D:2      | Reached XP level 4. HP: 24/41 MP: 2/4
  1692 | D:2      | Found a blossoming altar of Fedhas.
  2083 | D:3      | Reached skill level 6 in Axes
  2344 | D:3      | Reached XP level 5. HP: 39/47 MP: 5/5
  2376 | D:3      | Reached skill level 5 in Fighting
  2493 | D:3      | Noticed an ogre
  2509 | D:3      | Killed an ogre
  2509 | D:3      | Reached skill level 7 in Axes
  2683 | D:2      | Reached XP level 6. HP: 46/56 MP: 4/6
  2985 | D:4      | Found a stormy altar of Qazlal.
  3120 | D:4      | Reached skill level 8 in Axes
  3136 | D:4      | You fall through a shaft for 3 floors!
  3170 | D:6      | Reached XP level 7. HP: 26/63 MP: 2/7
  3224 | D:6      | Got a pitted ring mail
  3255 | D:6      | Reached skill level 9 in Axes
  3262 | D:6      | Slain by an orc warrior

Vault maps used:
D:1:      dpeg_arrival_tiny_i
D:2:      fedhas_altar_1
D:3:      serial_glass, glass_columns_b, glass_columns_b, nrook_mini_vaults
D:4:      grunt_qazlal_sundering
D:6:      grunt_temple_overflow_champion_of_chaos,
          nicolae_overflow_crystal_walls, uniq_crazy_yiuf_cottage
D:7:      lemuel_insect_pit, grunt_decor_mini_mirrors, grunt_ogre_cave

Skill      XL: |  1  2  3  4  5  6  7 |
---------------+----------------------+-----
Fighting       | 4 5 6 |  6.3
Axes           | 5 6 7 8 9 |  9.0
Dodging        | |  2.4
Stealth        | |  1.5

Action                   |  1- 3 |  4- 6 |  7- 9 || total
-------------------------+-------+-------+-------++-------
Melee: Hand axe          |   124 |   223 |    18 ||   365
Throw: Tomahawk          |       |     1 |       ||     1
  Use: Potion            |       |     3 |     2 ||     5
       Scroll            |       |     8 |       ||     8
 Stab: Sleeping          |     5 |     1 |       ||     6
  Eat: Chunk             |     1 |     7 |       ||     8
Armor: Leather armour    |    10 |       |       ||    10
       Robe              |     2 |       |       ||     2
       Ring mail         |    19 |    39 |       ||    58
       Scale mail        |       |    42 |     4 ||    46
Dodge: Dodged            |    63 |   113 |    25 ||   201
